 Dungeon Crawl Stone Soup version 0.20-a0-494-gf50ee04 (webtiles) character file.

584 nikopol the Skirmisher (level 7, 0/66 HPs)
             Began as a Gargoyle Berserker on Jan 17, 2017.
             Was a Priest of Trog.
             Slain by an ogre
             ... wielding a +0 giant club
              (10 damage)
             ... on level 4 of the Dungeon.
             The game lasted 00:07:47 (3137 turns).

nikopol the Skirmisher (Gargoyle Berserker)         Turns: 3137, Time: 00:07:48

Health: 0/66       AC: 15    Str: 26    XL:     7   Next: 37%
Magic:  7/7        EV: 11    Int:  7    God:    Trog [***...]
Gold:   334        SH:  0    Dex: 11    Spells: 6/6 levels left

rFire    . . .     SeeInvis .   a - +1 hand axe
rCold    . . .     Gourm    .   w - +0 scale mail
rNeg     + . .     Faith    .   (no shield)
rPois    ∞         Spirit   .   q - +1 helmet
rElec    +         Reflect  .   l - +0 cloak
rCorr    .         Harm     .   (no gloves)
MR       .....                  (no boots)
Stlth    ..........             (no amulet)
Regen    0.3/turn               (no ring)
                                (no ring)

@: berserking, about to teleport, very slightly contaminated, very quick
A: negative energy resistance 1, electricity resistance, unbreathing,
petrification resistance, rot immunity, AC +4
a: Berserk, Trog's Hand, Burn Spellbooks, Renounce Religion


You were on level 4 of the Dungeon.
You worshipped Trog.
Trog was most pleased with you.
You were hungry.

You visited 1 branch of the dungeon, and saw 4 of its levels.

You collected 334 gold pieces.

Inventory:

Hand Weapons
 a - a +1 hand axe (weapon)
Missiles
 d - 54 arrows (quivered)
Armour
 b - a +0 animal skin
 l - a +0 cloak (worn)
 o - a +0 ring mail
 q - a +1 helmet (worn)
 w - a +0 scale mail (worn)
Scrolls
 e - 3 scrolls of enchant armour
 m - 8 scrolls of identify
 r - a scroll of remove curse
 s - 4 scrolls of enchant weapon
 y - a scroll of random uselessness {unknown}
 z - a scroll of amnesia {unknown}
Potions
 f - 3 potions of curing
 g - a potion of berserk rage {unknown}
 h - a potion of heal wounds {unknown}
 i - 2 potions of mutation {unknown}
 k - a potion of might {unknown}
 n - a potion of brilliance {unknown}
 v - a potion of lignification {unknown}
 x - a potion of cure mutation {unknown}
Comestibles
 c - 4 bread rations
 p - a beef jerky
 A - 4 chunks of flesh


   Skills:
 + Level 5.2 Fighting
 + Level 4.4 Axes
 + Level 4.6 Armour
 + Level 3.5 Dodging


You had 6 spell levels left.
You didn't know any spells.

Dungeon Overview and Level Annotations

Branches:
Dungeon (4/15)
 Temple: D:4-7

Altars:
Xom


Innate Abilities, Weirdness & Mutations

You are resistant to torment.
Your stone body is resilient. (AC +4)
You are immune to poison.
You resist negative energy. (rN+)
You are resistant to electric shocks. (rElec)
You can survive without breathing.
You are immune to petrification.
You are immune to rotting.


Message History

You feel less exhausted.
The gnoll shouts!
Found a potion of curing.
As you read the scroll of teleportation, it crumbles to dust.
You feel strangely unstable.
The adder skeleton bites you but does no damage.
The ogre hits you with a giant club.
* * * LOW HITPOINT WARNING * * *
A gnoll comes into view. It is wielding a halberd.
A red film seems to cover your vision as you go berserk!
You feel yourself moving faster!
You feel mighty!
You are feeling hungry.
The gnoll shouts!
The adder skeleton bites you but does no damage.
A gnoll comes into view.
The gnoll shouts!
You hit the ogre.
The ogre is lightly wounded.
You barely miss the adder skeleton. The ogre hits you with a giant club!
You die...

#!......#
#.......
#.....g
#(.... #...g
... #Z# #@#
#O########
#........#
#.......?#
#........#
#........#
#...........
##.(.....##.#
#.......# #


You could see an ogre, 2 gnolls and an adder skeleton.

Vanquished Creatures
  A sky beast (D:3)
  An ogre (D:4)
  A scorpion (D:3)
  3 orc priests (D:3)
  2 orc wizards (D:3)
  Jessica (D:2)
  8 adders
  3 gnolls (D:4)
  A worm (D:2)
  A dart slug (D:2)
  3 leopard geckos
  13 orcs (D:3)
  3 ball pythons
  5 giant cockroaches
  5 goblins
  7 hobgoblins
  8 jackals
  6 bats
  5 frilled lizards
  4 kobolds
  2 rats (D:1)
  7 fungi (D:3)
90 creatures vanquished.

Notes
Turn   | Place    | Note
-------+----------+-------------------------------------------
     0 | D:1      | nikopol the Gargoyle Berserker began the quest for the Orb.
     0 | D:1      | Reached XP level 1. HP: 14/14 MP: 1/1
   218 | D:1      | Reached XP level 2. HP: 13/19 MP: 2/2
   535 | D:1      | Found a shimmering altar of Xom.
  1046 | D:2      | Reached XP level 3. HP: 23/23 MP: 3/3
  1162 | D:2      | Reached ** piety under Trog
  1177 | D:2      | Noticed Jessica
  1182 | D:2      | Killed Jessica
  1182 | D:2      | Reached XP level 4. HP: 26/29 MP: 4/4
  1565 | D:2      | Reached skill level 4 in Fighting
  1758 | D:3      | Reached XP level 5. HP: 33/33 MP: 5/5
  1966 | D:3      | Reached *** piety under Trog
  1966 | D:3      | Reached XP level 6. HP: 34/39 MP: 6/6
  2712 | D:3      | Noticed a sky beast
  2745 | D:3      | Killed a sky beast
  2745 | D:3      | Reached skill level 5 in Fighting
  2745 | D:3      | Reached XP level 7. HP: 24/44 MP: 7/7
  3137 | D:4      | Slain by an ogre

Vault maps used:
D:1:      moated_graveyard_arrival, xom_teletrap_fun
D:2:      first_bread, uniq_jessica
D:3:      minmay_misc_feat_more_columns, minmay_gold_behind_fungi
D:4:      elyvilon_altar_5, portal_sewer_entry_d

Skill      XL: |  1  2  3  4  5  6 |
---------------+-------------------+-----
Axes           | 3 4 |  4.4
Dodging        | 2 3 |  3.5
Armour         | 3 4 |  4.6
Fighting       | 4 5 |  5.2

Action                   |  1- 3 |  4- 6 |  7- 9 || total
-------------------------+-------+-------+-------++-------
Melee: Hand axe          |    90 |   296 |    36 ||   422
Invok: Berserk           |       |     3 |     2 ||     5
       Trog's Hand       |       |     2 |       ||     2
  Use: Scroll            |       |       |     8 ||     8
  Eat: Chunk             |     1 |     8 |     2 ||    11
       Beef jerky        |       |       |     1 ||     1
Armor: Animal skin       |    16 |       |       ||    16
       Ring mail         |    34 |       |       ||    34
       Scale mail        |    10 |   152 |    10 ||   172
Dodge: Dodged            |    88 |   132 |    24 ||   244
